Cogmind - Beta 14 *** ADVENTURER MODE // 2024.08.15 @ 22:06:55 Player: AnotherZach Result: Destroyed by B-75 Beast with Heavy Plasma Cannon Performance ------------- Evolutions (3) 1500 Regions Visited (7) 1400 Robots Destroyed (101) 505 Value Destroyed (3159) 3159 Prototype IDs (31) 620 Alien Tech Used (0) 0 Bonus (596) 596 TOTAL SCORE: 7780 Bonus ------- High Alert Combat Kills 73 Follower Combat Kills 339 Entered Garrisons 200 Friendly Fire -16 Cogmind --------- Core Integrity 0/700 Matter 300/300 Energy 160/160 System Corruption 0% Temperature Cool (12) Movement Walking (117) Location -7/Garrison Parts ------- > --- POWER (1) -------- Light Nuclear Core > --- PROPULSION (4) --- Carbon-fiber Leg Carbon-fiber Leg Flexi-carbon Leg Biometal Leg > --- UTILITY (5) ------ Improved Heat Sink Small Storage Unit Core Analyzer Advanced Phase Shifter > --- WEAPON (3) ------- Guided Plasma Cannon High-powered Shotgun Axe > --- INVENTORY (8) ---- Light Nuclear Core Armored Wheel Airjet High-capacity Storage Unit Improved Shield Generator Advanced Beam Rifle Peak State ------------ > --- POWER ------------ Light Nuclear Core > --- PROPULSION ------- Carbon-fiber Leg Carbon-fiber Leg Flexi-carbon Leg Biometal Leg > --- UTILITY ---------- Improved Heat Sink Small Storage Unit Core Analyzer Advanced Phase Shifter Hardened Medium Armor Plating > --- WEAPON ----------- Advanced Beam Rifle Guided Plasma Cannon Axe > --- INVENTORY -------- Light Nuclear Core Aluminum Leg Armored Wheel Airjet High-capacity Storage Unit Improved Shield Generator Hellfire Trap [Rating: 58] Favorites ----------- Power Improved Ion Engine Engine Improved Ion Engine Power Core Light Nuclear Core Propulsion Wheel Treads Light Treads Leg Aluminum Leg Wheel Wheel Hover Unit Airjet Flight Unit Improved Flight Unit Utility Improved Heat Sink Device Improved Heat Sink Storage High-capacity Storage Unit Processor Improved Signal Interpreter Hackware Hacking Suite Protection Hardened Medium Armor Plating Weapon Advanced Beam Rifle Energy Gun Advanced Beam Rifle Energy Cannon Guided Plasma Cannon Ballistic Gun Light Assault Rifle Slashing Weapon Axe Build | -11 -10 -10 -10 -9 -8 -7 -7 ------- Run | Yrd Mat Min Exi Min Mat Fac Gar Slots Evolved 6 | . . . . . 4 2 . Power . | . . . . . . . . Propulsion 2 | . . . . . 2 . . Utility 3 | . . . . . 2 1 . Weapon 1 | . . . . . . 1 . Parts Attached 125 | 8 4 1 3 3 37 30 39 Power 11 | 1 1 . . 2 2 3 2 Engine 7 | 1 1 . . 2 2 1 . Core 4 | . . . . . . 2 2 Reactor . | . . . . . . . . Propulsion 45 | 2 2 1 . . 14 12 14 Treads 14 | . . . . . 8 6 . Leg 11 | . . . . . . . 11 Wheel 17 | 2 2 1 . . 5 5 2 Hover 2 | . . . . . . 1 1 Flight 1 | . . . . . 1 . . Utility 39 | 2 1 . 1 . 12 7 16 Device 13 | 1 1 . . . 4 1 6 Storage 7 | 1 . . 1 . 2 . 3 Processor 6 | . . . . . 1 1 4 Hackware 4 | . . . . . 1 3 . Protection 9 | . . . . . 4 2 3 Artifact . | . . . . . . . . Weapon 30 | 3 . . 2 1 9 8 7 Energy Gun 15 | . . . . . 5 7 3 Energy Cannon 2 | . . . . . . . 2 Ballistic Gun 11 | 3 . . 2 1 3 1 1 Ballistic Cannon . | . . . . . . . . Launcher . | . . . . . . . . Special Weapon . | . . . . . . . . Impact Weapon . | . . . . . . . . Slashing Weapon 2 | . . . . . 1 . 1 Piercing Weapon . | . . . . . . . . Special Melee Weapon . | . . . . . . . . Unidentified Prototypes 5 | . . . . . 4 1 . Parts Lost 31 | . . . . . 5 15 11 Power 4 | . . . . . 1 3 . Propulsion 8 | . . . . . . 4 4 Utility 10 | . . . . . 2 2 6 Weapon 9 | . . . . . 2 6 1 Highest Loss Streak 15 | . . . . . 1 15 8 To Critical Strikes 1 | . . . . . 1 . . Average Slot Usage (%) 91 | . 100 100 73 100 98 97 81 Engine 7 | . 14 14 14 14 8 6 . Core 1 | . . . . . . . 5 Treads 9 | . . . . . 23 14 . Leg 5 | . . . . . . . 21 Wheel 14 | . 28 28 28 28 11 14 3 Device 12 | . 14 14 14 14 18 11 7 Storage 9 | . 14 14 14 14 9 7 6 Processor 5 | . . . . . 3 9 10 Hackware 1 | . . . . . . 7 . Protection 3 | . . . . . 4 . 6 Energy Gun 6 | . . . . . 7 15 4 Energy Cannon 1 | . . . . . . . 5 Ballistic Gun 8 | . 28 28 2 28 9 5 . Peak Build Rating 58 | 7 7 7 9 13 31 47 58 Average Rating 26 | 4 7 7 6 11 25 41 34 On Entrance 11 | . 7 7 7 9 13 30 17 Naked Turns 2 | . . . . . . . 2 Heaviest Build 66 | 12 14 14 29 31 62 57 66 Greatest Support 80 | 20 26 26 20 20 80 56 78 Greatest Overweight (x) 5 | . . . 1 1 3 5 5 Average Overweight (x) 1 | . . . 1 1 . 2 2 Largest Inventory Capacity 20 | 8 8 8 15 15 20 20 20 Average Capacity 16 | 7 8 8 15 15 19 20 14 Most Carried 20 | 5 8 8 13 15 20 20 20 Average Carried 14 | 2 7 8 10 14 18 19 9 Final Capacity 20 | 8 8 8 15 15 20 20 8 Final Carried 20 | 5 8 8 11 15 20 16 6 Class Distribution -------------------- 59% | Scavenger-Mutant 14% | Commander-Mutant 11% | Scavenger-Skirmisher 7% | Mutant 6% | Hacker-Gunner Dominant Class ---------------- Mutant | -10/Materials Scavenger-Mutant | -10/Mines Commander-Mutant | -10/Exiles Commander-Mutant | -9/Mines Scavenger-Mutant | -8/Materials Scavenger-Skirmisher | -7/Factory Scavenger-Mutant | -7/Garrison Resources | -11 -10 -10 -10 -9 -8 -7 -7 ----------- Run | Yrd Mat Min Exi Min Mat Fac Gar Matter Collected 2094 | 172 273 24 . 119 645 519 342 Remotely 206 | . . . . . 169 . 37 Salvage Created 4316 | 75 414 43 . 215 1822 1107 640 Parts 226 | 5 23 5 . 13 112 45 23 Haulers Intercepted 5 | . 1 . . . 4 . . Recyclers Shooed 4 | . 1 . . . 2 1 . Parts Field Recycled . | . . . . . . . . Retrieved Matter . | . . . . . . . . Parts Self-Destructed . | . . . . . . . . Prevented . | . . . . . . . . Kills | -11 -10 -10 -10 -9 -8 -7 -7 ------- Run | Yrd Mat Min Exi Min Mat Fac Gar Combat Hostiles Destroyed 69 | . 4 3 . 4 27 22 9 Melee 1 | . . . . . . . 1 Guns 56 | . 4 3 . 4 25 20 . Cannons 7 | . . . . . . . 7 AOE 3 | . . . . . 1 1 1 Classes Destroyed 14 | 2 3 1 . 2 4 2 . Worker 5 | . . . . 1 2 2 . Tunneler 3 | 1 1 . . . 1 . . Hauler 5 | . 1 . . . 4 . . Recycler 8 | 1 2 . . 1 3 1 . Mechanic 2 | . . . . . 1 1 . Operator 2 | . . . . . 1 1 . Watcher 7 | . 1 . . . 5 1 . Swarmer 21 | . . 3 . 2 9 7 . Grunt 29 | . 4 . . 1 9 9 6 Brawler 3 | . . . . . 1 2 . Duelist 3 | . . . . . . 1 2 Sentry 10 | . . . . 1 7 1 1 Hunter 2 | . . . . . 1 1 . Programmer 1 | . . . . . . 1 . Best Kill Streak 8 | 2 8 3 . 2 8 7 2 Combat Bots Only 7 | . 2 3 . 2 5 7 2 Max Kills in Single Turn 2 | 1 1 1 . 1 2 2 1 Gunslinging 1 | . . . . . 1 1 . Exploded 1 | . . . . . 1 1 1 Melee 1 | . . . . . . . 1 Uniques/NPCs Destroyed . | . . . . . . . . Combat | -11 -10 -10 -10 -9 -8 -7 -7 -------- Run | Yrd Mat Min Exi Min Mat Fac Gar Hostile Shots Fired 637 | . 29 13 . 22 172 259 142 Missed 185 | . 9 5 . 5 52 71 43 Damage Taken 5393 | . 186 54 . 154 1414 2133 1452 Core 934 | . 38 31 . 37 115 311 402 Absorbed by Shields . | . . . . . . . . Ignored by Resistances 1581 | . 58 16 . 48 416 632 411 Regen/Repaired (Parts) 30 | . . . . . 30 . . Core Remaining (%) 78 | 100 . . . 57 79 . . Volleys Fired 237 | 5 26 5 . 19 87 55 40 Largest 3 | 2 2 2 . 2 2 3 1 Hottest 183 | 40 40 40 . 40 130 183 120 Shots Fired 469 | 10 52 10 . 37 171 149 40 Gun 434 | 10 52 10 . 37 171 149 5 Cannon 35 | . . . . . . . 35 Launcher . | . . . . . . . . Special . | . . . . . . . . Kinetic 228 | 10 52 10 . 37 87 32 . Thermal 204 | . . . . . 59 107 38 Explosive . | . . . . . . . . Electromagnetic 37 | . . . . . 25 10 2 Robot Hit Streak 25 | 9 14 7 . 25 16 24 21 Robot Miss Streak 4 | . 2 1 . 3 4 2 1 Penetration Max . | . . . . . . . . Secondary Targets 11 | . 1 1 . 1 3 5 . Max Gunslinging Chain 1 | . 1 1 . 1 1 1 . Shots Hit Robots 366 | 9 40 8 . 30 137 115 27 Core Hits 190 | 3 19 5 . 12 68 59 24 Critical Kills 1 | . . . . . 1 . . Critical Parts Destroyed 1 | . 1 . . . . . . Critical Strikes 10 | . 1 . . . 2 7 . Burn 8 | . . . . . 1 7 . Destroy 2 | . 1 . . . 1 . . Melee Attacks 13 | . . . . . 4 . 9 Impact . | . . . . . . . . Slashing 13 | . . . . . 4 . 9 Piercing . | . . . . . . . . Sneak Attacks . | . . . . . . . . Combat Hostiles . | . . . . . . . . Follow-up Attacks . | . . . . . . . . Damage Inflicted 7511 | 87 459 76 . 269 2502 2649 1469 Guns 5938 | 87 459 76 . 269 2445 2519 83 Cannons 928 | . . . . . . . 928 Explosions 348 | . . . . . 53 117 178 Melee 275 | . . . . . . . 275 Ramming 22 | . . . . . 4 13 5 Kinetic 2526 | 87 459 76 . 269 1081 554 . Thermal 3972 | . . . . . 973 1853 1146 Explosive . | . . . . . . . . Electromagnetic 716 | . . . . . 444 229 43 Impact . | . . . . . . . . Slashing 275 | . . . . . . . 275 Piercing . | . . . . . . . . Highest Corruption 5 | . 1 1 1 1 4 5 5 Average Corruption 2 | . 1 1 1 1 3 2 2 Corruption Purged 5 | . . . . . . . 5 Corruption Blocked . | . . . . . . . . Effects 28 | . 2 4 2 4 14 1 1 Message Errors 6 | . . 2 2 2 . . . Matter Fused 6 | . 1 . . . 5 . . Heat Flow Errors 4 | . . . . . 3 1 . Energy Discharges 2 | . . . . 1 1 . . Parts Rejected 1 | . . . . 1 . . . Data Loss (minor) 4 | . 1 1 . . 2 . . Data Loss (major) 2 | . . 1 . . . . 1 Misfires 2 | . . . . . 2 . . Alerts 1 | . . . . . 1 . . Overload Shots . | . . . . . . . . Overflow Damage 9 | . . . . . 9 . . Projectiles . | . . . . . . . . Explosions 9 | . . . . . 9 . . Melee . | . . . . . . . . Knockbacks . | . . . . . . . . Impact . | . . . . . . . . Kinetic . | . . . . . . . . Secondary . | . . . . . . . . Self-Inflicted Damage 122 | . . . . . 30 50 42 Shots 3 | . . . . . 1 1 1 Rammed 6 | . . . . . 2 2 2 Targets Rammed 6 | . . . . . 2 2 2 Kicked . | . . . . . . . . Crushed . | . . . . . . . . Highest Temperature 388 | . 12 . . 11 250 388 201 Average Temperature 67 | . 8 . . 4 52 96 56 Received Heat Transfer 2577 | . 141 . . 69 549 1077 741 Effects 1 | . . . . . . 1 . Shutdowns 1 | . . . . . . 1 . Siege Activations . | . . . . . . . . Robots Corrupted 1 | . . . . . 1 . . Combat Hostiles 1 | . . . . . 1 . . Parts Fried 4 | . . . . . 4 . . Impact Corruptions . | . . . . . . . . Robots Melted 2 | . . . . . . 1 1 Combat Hostiles 1 | . . . . . . 1 . Parts Melted 19 | . . . . . 5 6 8 Heat Transferred 8045 | . . . . . 1863 3828 2354 Parts Sabotaged . | . . . . . . . . Parts Stolen . | . . . . . . . . Parts Stripped . | . . . . . . . . Power Chain Reactions 5 | . . . . . 2 2 1 Alert | -11 -10 -10 -10 -9 -8 -7 -7 ------- Run | Yrd Mat Min Exi Min Mat Fac Gar Peak Influence 585 | 10 206 191 . 114 508 341 585 Initial 122 | . 5 67 . . 26 122 61 Average 195 | 3 88 148 . 61 248 147 253 Maximum Alert Level 2 | . 1 . . . 2 1 2 Low Security (%) 59 | 100 83 100 . 100 35 72 49 Level 1 30 | . 16 . . . 54 27 24 Level 2 10 | . . . . . 9 . 25 Level 3 . | . . . . . . . . Level 4 . | . . . . . . . . Level 5 . | . . . . . . . . High Security . | . . . . . . . . Max Security . | . . . . . . . . Squads Dispatched 14 | . 2 . . . 5 7 . Investigation 8 | . 2 . . . 2 4 . Extermination 1 | . . . . . . 1 . Reinforcement 4 | . . . . . 3 1 . Assault . | . . . . . . . . Garrison 1 | . . . . . . 1 . Intercept . | . . . . . . . . Searches Triggered . | . . . . . . . . Construction Impeded 1 | . . . . . 1 . . Haulers Reinforced 1 | . . . . . . 1 . Active Scanning Responses . | . . . . . . . . Cargo Convoy Interrupts . | . . . . . . . . Stealth | -11 -10 -10 -10 -9 -8 -7 -7 --------- Run | Yrd Mat Min Exi Min Mat Fac Gar Distress Signals 8 | . . . . . 4 4 . Communications Jammed . | . . . . . . . . Distress Signals . | . . . . . . . . Times Spotted 134 | . 7 5 . 7 50 39 26 Peak Tracking Total 10 | . 2 3 . 3 6 10 9 Tactical Retreats 12 | . 1 . . . 4 3 4 Traps | -11 -10 -10 -10 -9 -8 -7 -7 ------- Run | Yrd Mat Min Exi Min Mat Fac Gar Traps Triggered 17 | . 1 . . . 9 1 6 Indirectly . | . . . . . . . . Trap Hack Attempts . | . . . . . . . . Triggered . | . . . . . . . . Disarmed . | . . . . . . . . Reprogrammed . | . . . . . . . . Reused 7 | . . . . . . . 7 Traps Extracted . | . . . . . . . . Installed 19 | . . . . . . . 19 Triggered 7 | . . . . . . . 7 Most Traps Carried 14 | . . . . . . . 14 Machines | -11 -10 -10 -10 -9 -8 -7 -7 ---------- Run | Yrd Mat Min Exi Min Mat Fac Gar Machines Disabled 10 | . . . . 1 2 . 7 Max in Single Turn 1 | . . . . . 1 . 1 Garrison Access 1 | . . . . . . 1 . Garrison Relay 1 | . . . . . . . 1 Machines Repaired . | . . . . . . . . Machines Dismantled . | . . . . . . . . Machines Sabotaged . | . . . . . . . . Overloaded Fab Kills . | . . . . . . . . Hacking | -11 -10 -10 -10 -9 -8 -7 -7 --------- Run | Yrd Mat Min Exi Min Mat Fac Gar Machines Accessed 29 | . 5 . 3 . 10 11 . Terminals 15 | . 5 . . . 7 3 . Fabricators 2 | . . . . . . 2 . Repair Stations 2 | . . . . . 1 1 . Recycling Units 2 | . . . . . . 2 . Scanalyzers 3 | . . . . . 2 1 . Garrison Access 2 | . . . . . . 2 . Total Hacks 123 | . 15 . 18 . 43 47 . Successful 87 | . 8 . 18 . 30 31 . Failed 36 | . 7 . . . 13 16 . Catastrophic 6 | . 1 . . . 3 2 . Database Lockouts . | . . . . . . . . Manual 45 | . 13 . 2 . 11 19 . Terminals 46 | . 15 . . . 22 9 . Fabricators 6 | . . . . . . 6 . Repair Stations 6 | . . . . . 2 4 . Recycling Units 9 | . . . . . . 9 . Scanalyzers 36 | . . . . . 19 17 . Garrison Access 2 | . . . . . . 2 . Terminal Hacks 33 | . 6 . 18 . 7 2 . Record 17 | . . . 17 . . . . Part Schematic 1 | . 1 . . . . . . Robot Schematic 4 | . 2 . . . 2 . . Robot Analysis 3 | . 1 . . . 2 . . Prototype ID Bank 1 | . . . . . 1 . . Branch Access Points 3 | . 1 . . . 1 1 . Terminal Index 1 | . 1 . . . . . . Locate Traps 1 | . . . . . 1 . . Zone Layout 1 | . . . . . . 1 . Derelict Proto ID Bank 1 | . . . 1 . . . . Fabricator Hacks 1 | . . . . . . 1 . Load Schematic 1 | . . . . . . 1 . Repair Station Hacks 3 | . . . . . 2 1 . Scan Component 2 | . . . . . 1 1 . Repair 1 | . . . . . 1 . . Recycling Unit Hacks 1 | . . . . . . 1 . Retrieve Components 1 | . . . . . . 1 . Scanalyzer 35 | . . . . . 18 17 . Insert Component 17 | . . . . . 9 8 . Analyze 18 | . . . . . 9 9 . Garrison Access Hacks 2 | . . . . . . 2 . Unlock Access 1 | . . . . . . 1 . Seal Access 1 | . . . . . . 1 . Unauthorized Hacks 12 | . 2 . . . 3 7 . Terminals 6 | . 2 . . . 3 1 . Botnet 4 | . 2 . . . 2 . . Disrupt 1 | . . . . . 1 . . Operators 1 | . . . . . . 1 . Fabricators 2 | . . . . . . 2 . Liberate 2 | . . . . . . 2 . Repair Stations . | . . . . . . . . Recycling Units 4 | . . . . . . 4 . Monitor 1 | . . . . . . 1 . Reject 2 | . . . . . . 2 . Recyclers 1 | . . . . . . 1 . Scanalyzers . | . . . . . . . . Garrison Access . | . . . . . . . . Data Cores Recovered . | . . . . . . . . Used . | . . . . . . . . Hacking Detections 22 | . 4 . . . 9 9 . Full Trace Events 7 | . 2 . . . 1 4 . Feedback Events 2 | . 1 . . . . 1 . Corruption 2 | . 1 . . . . 1 . Feedback Blocked . | . . . . . . . . Robot Schematics Acquired 4 | . 2 . . . 2 . . Robots Built . | . . . . . . . . Authchips . | . . . . . . . . Time . | . . . . . . . . Total Robot Build Rating . | . . . . . . . . Part Schematics Acquired 17 | . 1 . . . 8 8 . Parts Built . | . . . . . . . . Authchips . | . . . . . . . . Time . | . . . . . . . . Total Part Build Rating . | . . . . . . . . Parts Repaired 1 | . . . . . 1 . . Time 38 | . . . . . 38 . . Parts Recycled . | . . . . . . . . Recycled Matter . | . . . . . . . . Retrieved Matter . | . . . . . . . . Retrieved Components 10 | . . . . . . 10 . Parts Scanalyzed 16 | . . . . . 8 8 . Part Schematics Acquired 16 | . . . . . 8 8 . Parts Damaged 2 | . . . . . 1 1 . Bothacking | -11 -10 -10 -10 -9 -8 -7 -7 ------------ Run | Yrd Mat Min Exi Min Mat Fac Gar Used RIF Installer . | . . . . . . . . Robots Hacked . | . . . . . . . . Non-combat . | . . . . . . . . Combat . | . . . . . . . . Robot Hacks Applied . | . . . . . . . . Relay Couplers Released 5 | . . . . . . . 5 Machine Destruction 5 | . . . . . . . 5 Fabnet Peak Effective % . | . . . . . . . . Robots Rewired 4 | . . . 4 . . . . Allies Hacked . | . . . . . . . . Hacks Repelled . | . . . . . . . . Allies | -11 -10 -10 -10 -9 -8 -7 -7 -------- Run | Yrd Mat Min Exi Min Mat Fac Gar Total Allies 7 | . . 3 4 . . . . Largest Group 6 | . . 3 6 6 5 . . Highest-Rated Group 77 | . . 40 77 77 69 . . Highest-Rated Ally 21 | . . 16 21 21 21 . . Total Orders . | . . . . . . . . Ally Attacks 100 | . . 5 . 16 79 . . Total Damage 1046 | . . 44 . 209 793 . . Kills 14 | . . 3 . 3 8 . . Allies Corrupted . | . . . . . . . . Allies Melted . | . . . . . . . . Intel | -11 -10 -10 -10 -9 -8 -7 -7 ------- Run | Yrd Mat Min Exi Min Mat Fac Gar Robot Analysis Total 3 | . 1 . . . 2 . . Derelict Logs Recovered 1 | . . . . 1 . . . Drone Launches . | . . . . . . . . Drone Recoveries . | . . . . . . . . Exploration | -11 -10 -10 -10 -9 -8 -7 -7 ------------- Run | Yrd Mat Min Exi Min Mat Fac Gar Turns Passed 6193 | 61 339 251 502 503 1702 1215 1620 Spaces Moved 3901 | 38 300 243 465 399 876 749 831 Core 38 | 13 . . . . . . 25 Treads 378 | . . . . . 348 24 6 Legs 379 | . . . . . . . 379 Wheels 3049 | 25 300 243 465 399 528 725 364 Hover 57 | . . . . . . . 57 Flight . | . . . . . . . . Fastest Speed 50 | 50 80 80 95 95 80 110 50 Average Speed 114 | 69 82 86 95 95 127 117 139 Slowest Speed 320 | 80 90 90 95 95 162 240 320 Overloaded Moves . | . . . . . . . . Propulsion Burnouts . | . . . . . . . . Robots Hopped . | . . . . . . . . Cave-ins Triggered . | . . . . . . . . Exploration Rate (%) 55 | 4 61 54 89 79 77 24 53 Regions Visited 7 Branch Regions 3 Pre-discovered Areas 1 | . . . 1 . . . . Known Exits Taken 3 | . 1 . . . 1 1 . Unknown Exits Taken 4 | 1 . 1 1 1 . . . Scrap Searched 3 | . . . . 3 . . . Spaces Dug 4 | . . . . . 4 . . Terrain Destroyed 17 | . . . . . 8 4 5 Melee 4 | . . . . . 4 . . Projectile . | . . . . . . . . AOE 13 | . . . . . 4 4 5 Terrain Rammed . | . . . . . . . . Walls Destroyed . | . . . . . . . . Machines Disabled . | . . . . . . . . Actions | -11 -10 -10 -10 -9 -8 -7 -7 --------- Run | Yrd Mat Min Exi Min Mat Fac Gar Total 5218 | 62 344 273 525 493 1310 963 1248 Wait 604 | . 4 25 9 60 205 95 206 Move 3895 | 37 299 242 464 398 875 749 831 Hop . | . . . . . . . . Pick Up 158 | 12 7 . 3 9 58 21 48 Fast Attach . | . . . . . . . . Attach 70 | 7 . . 2 2 20 13 26 Detach 5 | . . . 2 . . . 3 Swap 55 | 1 4 1 1 1 17 17 13 Drop 89 | . 4 . . 4 42 11 28 Fire 237 | 5 26 5 . 19 87 55 40 Melee 13 | . . . . . 4 . 9 Ram 2 | . . . . . . . 2 Kick . | . . . . . . . . Crush 4 | . . . . . 2 2 . Escape Stasis 22 | . . . . . . . 22 Rewire 44 | . . . 44 . . . . Trap 20 | . . . . . . . 20 Miscellaneous . | . . . . . . . . Route ------- -11/Scrapyard -10/Materials (discovered 3 exits: [*Mat x2] / *Min) -10/Mines -10/Exiles (discovered 2 exits: [*Min x2]) -9/Mines -8/Materials (discovered 3 exits: *Fac x3) -7/Factory (discovered 5 exits: *Fac x2 / *Low x2 / Gar) -7/Garrison (discovered 1 exit: [*Fac]) History --------- Turn | Location | Event 5 | -11/Scrapyard | Discovered new exit (range 16) 62 | -11/Scrapyard | Entered Materials 161 | -10/Materials | Discovered new exit (range 11) 221 | -10/Materials | Discovered new exit (range 14) 248 | -10/Materials | Identified exit to Mines 318 | -10/Materials | Build established: Mutant 401 | -10/Materials | Entered Mines 572 | -10/Mines | Assisted by bots powering up and referring to "LRC-V3" 620 | -10/Mines | Build established: Scavenger-Mutant 624 | -10/Mines | Deemed a non-threat by the Exiles lab entrance 624 | -10/Mines | Discovered new exit (range 5) 652 | -10/Mines | Entered Exiles 652 | -10/Exiles | Found Exiles lab destroyed 652 | -10/Exiles | Accompanied by 2 allies 669 | -10/Exiles | Discovered new exit (range 15) 774 | -10/Exiles | Learned location of Zion (-7) 855 | -10/Exiles | Opened EX-Vault 860 | -10/Exiles | Found Gui. Plasma Cannon 1055 | -10/Exiles | Build established: Commander-Mutant 1132 | -10/Exiles | Discovered new exit (range 14) 1154 | -10/Exiles | Entered Mines 1154 | -9/Mines | Accompanied by 6 allies 1238 | -9/Mines | Learned 4 Materials zone layouts 1247 | -9/Mines | Met a Derelict bent on vengeance 1330 | -9/Mines | Found a hidden stash of uninstalled traps 1357 | -9/Mines | Found a damaged Exp. Sensor Array with a note attached 1359 | -9/Mines | Found Prototype Device 1622 | -9/Mines | Discovered new exit (range 5) 1657 | -9/Mines | Entered Materials 1657 | -8/Materials | Accompanied by 5 allies 1657 | -8/Materials | Evolved 4 slots: Propulsion x2, Utility x2 1794 | -8/Materials | Repaired Imp. Heat Sink 1998 | -8/Materials | Build established: Scavenger-Mutant 2034 | -8/Materials | Identified Exp. Sensor Array 2373 | -8/Materials | Discovered new exit (range 15) 2727 | -8/Materials | Discovered new exit (range 13) 2741 | -8/Materials | Identified exit to Factory 3336 | -8/Materials | Discovered exit to Factory (range 15) 3359 | -8/Materials | Entered Factory 3359 | -7/Factory | Evolved 2 slots: Utility x1, Weapon x1 3529 | -7/Factory | Discovered new exit (range 16) 3706 | -7/Factory | Build established: Scavenger-Skirmisher 3965 | -7/Factory | Discovered new exit (range 7) 3971 | -7/Factory | Identified exit to Lower Caves 4337 | -7/Factory | Discovered new exit (range 11) 4348 | -7/Factory | Identified exit to Factory 4403 | -7/Factory | Build established: Hacker-Gunner 4476 | -7/Factory | Garrison activated, responded to threat 4551 | -7/Factory | Destroyed 7 combat bots 4574 | -7/Factory | Identified exit to Garrison 4574 | -7/Factory | Entered Garrison 4591 | -7/Garrison | Lost 15 parts (3p4n2u6w) 4748 | -7/Garrison | Triggered checkpoint 4762 | -7/Garrison | Core integrity fell below 50% 4768 | -7/Garrison | Released all parts (3) 4818 | -7/Garrison | Lost 8 parts (3n4u1w) 4822 | -7/Garrison | Core integrity fell below 20% 5192 | -7/Garrison | Build established: Scavenger-Mutant 5209 | -7/Garrison | Garrison Relay disabled 5737 | -7/Garrison | Triggered checkpoint 5784 | -7/Garrison | Triggered checkpoint 5916 | -7/Garrison | Discovered new exit (range 15) 6112 | -7/Garrison | Triggered checkpoint 6152 | -7/Garrison | Spotted B-75 Beast 6194 | -7/Garrison | Destroyed by B-75 Beast with Heavy Plasma Cannon Last Messages --------------- 05858_ Acquired 20 matter. 05916_ EXIT=FOUND 05945_ Acquired Adv. Phase Shifter. 05946_ Discarded Core Analyzer. 05950_ Acquired Flexi-carbon Leg. 05952_ Dropped Aluminum Leg. 05959_ Acquired Biometal Leg. 05961_ Dropped Aluminum Leg. 05967_ Sneak attack on H-77 Assassin. 05967_ H-77 Assassin destroyed. 05969_ Acquired 30 matter. 05975_ Acquired Hpw. Shotgun. 06098_ Acquired 10 matter. 06152_ Triggered Alarm Trap. 06152_ An alarm sounds. 06153_ Dropped Hellfire Trap. 06154_ Installed Hellfire Trap. 06177_ Y-54 Guardian destroyed. 06182_ G-47 Trooper destroyed. 06185_ Hrd. Medium Armor Plating destroyed. Map ----- +----------------------------------------------------+ | #???# #?????????????????????????????????????????? | | #???# #?????????????????????????????????????????? | | #???# #?????????????????????????????????????????? | | ##### #####?????????????????????????????????????? | | #?????????????????????????????????????? | | #?????????????????????????????????????? | | ######### #?????????????????????????????????????? | | #???# ??# #?????????????????????????????????????? | | #???# ??# #?????????????????????????????????????? | | #???# ### #?????????????????????????????????????? | | #???? # #??????? ????????????????????????????? | | #??### # ^#??????# #???????????????????????????? | | #### ##""""## ##??????????????????????????? | | *% #??????????????????????????? | | [*= ????????????????????????? | | =%= ????????????????????????? | | ### # #=* ## ## #??????????????????????????? | | ??###### # ## ###????????????????????????? | | ?????# #????????????????????????? | | ###### #????????????????????????? | | " #????????????????????????? | | # #### ?????????????????????????? | | ###### ## ## #??????????????????????????? | | ## #### ## ## #############??????????????? | | * gg [ #??????????????? | | / /= @%BB g% #??????????????? | | ### ### ####YBB### #??????????????? | | # # ## ## ######???=###?# #??????????????? | | ## ## ### ## #?????????#???# #??????????????? | | #?# #######?????????????# ??????????????? | | ### # #^ #???????????????????# #?????????????? | | #???#?### ^#???????????????????# ?????????????? | | ##??????# #???????????????????# # #????????????? | | "####+###^ #???????????????????#^ # ????????????? | | ^ * = ^#???????????????????# #? #???????????? | | ^ ![% #??????????????????? #? #???????????? | | "###########???????????????????# ?? ???????????? | | "#?????????????????????????????# ? ???????????? | | ##?????????????????????????????# ? ??????????? | | #??????????????????????????????#"+###????????????? | | #??????????????????????????????# #??????????????? | | #?????????????????????????????? #??????????????? | | #?????????????????????????????? ??????????????? | | #??????????????????????????????#"+#??????????????? | | #??????????????????????????????? ???????????????? | | #??????????????????????????????? ???????????????? | | #???????????????????????????????##???????????????? | | #????????????????????????????????????????????????? | | #????????????????????????????????????????????????? | | #????????????????????????????????????????????????? | +----------------------------------------------------+ Best States ------------- Heat Dissipation 48 Energy Generation 18 Energy Capacity 265 Matter Stores 300 Matter Capacity 300 Sight Range 16 Robot Scan Range 15 Terrain Scan Density 10 Armor Coverage 300 Resistance: KI 20 Resistance: TH 20 Resistance: EX 20 Resistance: EM 20 Resistance: I 20 Resistance: S 20 Resistance: P 20 Evasion (%) 55 Targeting Accuracy 5 Core Analysis 9 Recoil Reduction 4 Offensive Hacking 20 Defensive Hacking 10 Item Schematics ----------------- Aluminum Leg | -10/Materials | Hacked Hacking Suite | -8/Materials | Scanalyzed System Shield | -8/Materials | Scanalyzed Exp. Sensor Array | -8/Materials | Scanalyzed Med. Armor Plating | -8/Materials | Scanalyzed Lrg. Storage Unit | -8/Materials | Scanalyzed Lgt. Treads | -8/Materials | Scanalyzed Lgt. Ion Engine | -8/Materials | Scanalyzed Imp. Sensor Array | -8/Materials | Scanalyzed Hvy. EM Shotgun | -7/Factory | Scanalyzed Adv. Beam Rifle | -7/Factory | Scanalyzed Axe | -7/Factory | Scanalyzed Airjet | -7/Factory | Scanalyzed Gatling Laser | -7/Factory | Scanalyzed Imp. Signal Interpreter | -7/Factory | Scanalyzed Hpw. Tractor Beam | -7/Factory | Scanalyzed Wheel | -7/Factory | Scanalyzed Robot Schematics ------------------ M-13 Machinist | -10/Materials | Hacked O-16 Technician | -10/Materials | Hacked M-28 Smith | -8/Materials | Hacked H-55 Commando | -8/Materials | Hacked Fabricated ------------ Nothing Alien Tech Used ----------------- None Achievements -------------- None Challenges ------------ None Game ------ Seed CoreHeartSword Manual? 0 Play Time 01:08:43 Cumulative 599.8 hours Start 2024.08.15 @ 18:20:17 End 2024.08.15 @ 22:06:55 Sessions 1 Manual Loads 0 Difficulty Adventurer Special Mode None Game No. 123 Rogue 0 Adventurer 123 Explorer 0 Win Type - Total 7 Types 4/0/1/2/0/0/0/0/0 Lore% 72 Gallery% 81 Achievement% 71 Wizard Run 0 Options --------- Layout 2 ASCII 0 Keyboard 0 Movement Mouse Keybinds 0 Fullscreen 1 Font 24/Smallcaps Map View 50x49 Zoom Use 0% Tactical HUD 1 Map Filters NONE Filters NONE Steam 1 RUN: 7348cd97-cc92-486a-b3c2-f7a371697f3a